Map: [ESL] Oceanborn

Players

MeomaikA - Winner!

  • Race: Zerg Zerg
  • Spawn Location: 11:00

MacSed

  • Race: Protoss Protoss
  • Spawn Location: 5:00

Event: ESL SC2 Masters 2024 Spring (Regional)

VOD

Have the link to the VOD?

Description

Time

  • Played on: April 20, 2024, 10:01 a.m.
  • Length: 9:58
Show
View Real Time Build Order
Export as new Build Order

MeomaikA Zerg - Winner!

Build Orders: Hatch First, Roach Hydra 

Get SALT Encoding   

  12  0:00  Drone  
  13  0:12  Overlord  
  13  0:18  Drone  
  14  0:31  Drone x2  
  14  0:34  Drone  
  18  0:50  Drone  
  18  1:00  Hatchery  
  17  1:07  Spawning Pool  
  17  1:10  Drone  
  17  1:14  Extractor  
  17  1:15  Drone  
  17  1:18  Drone  
  18  1:29  Drone  
  19  1:39  Drone  
  20  1:49  Overlord  
  20  1:53  Queen  
  22  2:03  Overlord  
  22  2:11  Queen  
  24  2:20  Hatchery  
  23  2:23  Drone  
  23  2:25  Drone  
  23  2:28  Zergling x2  
  26  2:31  Drone  
  27  2:38  Metabolic Boost  
  27  2:43  Zergling x4  
  29  2:47  Drone  
  29  2:50  Zergling x2  
  31  2:55  Zergling x4  
  33  3:01  Drone x2  
  33  3:04  Drone  
  36  3:07  Drone  
  36  3:08  Drone  
  38  3:16  Drone  
  38  3:17  Drone  
  38  3:19  Drone x2  
  42  3:23  Overlord  
  42  3:28  Drone  
  42  3:30  Spore Crawler  
  42  3:36  Spore Crawler  
  42  3:38  Drone x3  
  44  3:43  Drone x2  
  44  3:46  Zergling x4  
  48  3:51  Drone  
  48  3:52  Drone  
  48  3:54  Overlord  
  50  3:59  Lair  
  50  4:03  Extractor  
  50  4:04  Drone x2, Extractor  
  50  4:12  Drone, Queen  
  50  4:13  Drone  
  54  4:17  Drone x2  
  54  4:18  Drone  
  54  4:24  Zergling x2  
  58  4:27  Spore Crawler  
  58  4:30  Spore Crawler  
  58  4:31  Spore Crawler  
  58  4:32  Zergling x2  
  58  4:40  Overlord x2  
  58  4:42  Roach Warren  
  58  4:50  Overlord x2  
  59  4:54  Overlord x2  
  60  5:00  Drone x4  
  60  5:05  Overlord  
  61  5:15  Drone  
  61  5:16  Hydralisk Den  
  61  5:17  Drone  
  61  5:18  Drone  
  61  5:19  Overseer  
  62  5:22  Roach x2  
  62  5:23  Roach x2  
  62  5:24  Roach x2  
  62  5:25  Roach  
  74  5:28  Drone x2  
  74  5:29  Drone  
  79  5:35  Roach  
  79  5:36  Roach  
  79  5:37  Roach  
  79  5:39  Glial Reconstitution  
  79  5:42  Roach  
  85  5:44  Roach  
  85  5:46  Roach  
  85  5:51  Roach x2  
  85  5:53  Roach  
  85  5:55  Roach  
  91  5:57  Grooved Spines  
  91  6:00  Drone x2  
  91  6:03  Roach  
  95  6:05  Drone  
  95  6:06  Drone  
  97  6:12  Hydralisk  
  97  6:13  Hydralisk  
  97  6:16  Evolution Chamber  
  97  6:17  Drone x2  
  102  6:19  Hydralisk  
  102  6:24  Drone x2  
  106  6:26  Hydralisk  
  106  6:28  Drone  
  106  6:29  Drone x2  
  111  6:34  Hydralisk  
  111  6:38  Hydralisk  
  113  6:41  Overlord x3  
  113  6:46  Zerg Missile Weapons Level 1  
  113  6:48  Overlord  
  113  6:50  Muscular Augments  
  113  6:56  Overlord x2  
  113  7:02  Hatchery  
  113  7:05  Drone x2  
  113  7:06  Hydralisk  
  113  7:07  Hydralisk  
  118  7:10  Hydralisk  
  118  7:14  Hydralisk  
  122  7:16  Hydralisk  
  121  7:22  Hydralisk  
  121  7:29  Hydralisk  
  124  7:31  Zergling x12  
  124  7:33  Zergling x2  
  124  7:36  Extractor  
  130  7:37  Drone x3  
  130  7:38  Zergling x8  
  130  7:40  Hydralisk  
  130  7:41  Hydralisk  
  141  7:48  Hydralisk  
  143  7:51  Zergling x6  
  143  7:55  Zergling x4  
  144  7:58  Zergling x2  
  132  8:05  Roach  
  132  8:06  Roach x2  
  132  8:07  Roach x2  
  132  8:08  Roach  
  132  8:09  Zergling x8  
  132  8:10  Roach x2  
  149  8:13  Queen  
  149  8:16  Roach  
  149  8:17  Zergling x2  
  149  8:18  Zergling x2  
  155  8:21  Roach  
  155  8:24  Roach  
  159  8:29  Roach  
  159  8:30  Roach  
  159  8:33  Roach  
  153  8:37  Roach x2  
  153  8:38  Roach  
  153  8:39  Roach  
  153  8:41  Zergling x2  
  153  8:43  Zergling x2  
  153  8:46  Zergling x2  
  153  8:47  Zergling x2  
  153  8:48  Zergling x4  
  145  8:51  Zergling x2  
  145  8:55  Zergling x4  
  139  8:56  Zergling x2  
  139  8:57  Zergling x2  
  139  9:00  Queen  
  139  9:04  Zergling x2  
  139  9:06  Zergling x4  
  139  9:07  Zergling x4  
  139  9:08  Zergling x2  
  139  9:09  Zergling x2  
Show
View Real Time Build Order
Export as new Build Order

MacSed Protoss 

Build Orders: 1 Gate Expand, Oracle Opening, Zealot Archon, Archon Drop 

Get SALT Encoding   

  12  0:00  Probe  
  13  0:12  Probe  
  14  0:17  Pylon  
  14  0:24  Probe (Chrono Boost)  
  15  0:36  Probe (Chrono Boost)  
  15  0:38  Gateway  
  16  0:45  Probe (Chrono Boost)  
  16  0:47  Assimilator  
  17  0:50  Probe  
  18  1:03  Probe  
  19  1:15  Probe  
  20  1:25  Nexus  
  20  1:35  Cybernetics Core  
  20  1:38  Probe  
  21  1:43  Assimilator  
  21  1:50  Probe  
  21  1:54  Pylon  
  22  2:02  Probe  
  23  2:09  Adept (Chrono Boost)  
  23  2:11  Warp Gate  
  23  2:15  Probe  
  26  2:24  Stargate  
  26  2:27  Probe (Chrono Boost)  
  26  2:29  Adept (Chrono Boost)  
  29  2:37  Probe (Chrono Boost)  
  31  2:45  Probe (Chrono Boost)  
  31  2:46  Probe (Chrono Boost)  
  33  2:51  Probe x2 (Chrono Boost)  
  33  2:53  Stalker  
  36  3:03  Probe x2  
  38  3:08  Oracle (Chrono Boost)  
  41  3:15  Probe x2  
  41  3:19  Pylon  
  43  3:22  Gateway  
  43  3:27  Probe  
  43  3:28  Probe  
  45  3:39  Probe  
  45  3:40  Probe  
  47  3:44  Assimilator  
  47  3:45  Assimilator  
  47  3:51  Twilight Council, Probe  
  47  3:52  Probe  
  47  3:53  Forge  
  49  4:00  Robotics Facility  
  49  4:03  Probe  
  49  4:04  Pylon, Probe  
  51  4:16  Gateway  
  51  4:17  Gateway  
  51  4:21  Shield Battery  
  51  4:28  Probe  
  56  4:31  Void Ray  
  56  4:32  Protoss Ground Weapons Level 1 (Chrono Boost)  
  56  4:37  Charge  
  56  4:41  Probe  
  56  4:42  Probe  
  58  4:49  Gateway  
  58  4:51  Gateway  
  58  4:53  Warp Prism (Chrono Boost)  
  60  5:01  Templar Archives  
  60  5:05  Pylon  
  60  5:08  Zealot  
  60  5:13  Pylon  
  62  5:38  High Templar x2  
  62  5:39  Nexus  
  62  5:41  Pylon, Probe x2  
  68  5:43  Archon  
  68  5:48  Zealot x2, High Templar x2  
  74  5:52  Archon  
  74  5:56  Probe x2  
  75  6:03  Immortal (Chrono Boost)  
  75  6:06  Shield Battery  
  75  6:08  Probe  
  75  6:10  Zealot x2  
  84  6:18  Probe  
  85  6:31  Pylon  
  85  6:32  Pylon x2  
  85  6:33  Pylon  
  85  6:45  Robotics Bay, Probe  
  86  6:49  Immortal (Chrono Boost)  
  86  6:50  High Templar x2  
  86  6:51  Zealot x4  
  102  6:55  Probe x2  
  102  6:56  Archon  
  104  7:03  Probe  
  104  7:05  Robotics Facility  
  104  7:07  Probe x2  
  107  7:15  Probe  
  108  7:19  Probe x2  
  108  7:20  Pylon  
  108  7:31  Zealot x6  
  108  7:32  Disruptor (Chrono Boost)  
  124  7:38  Probe  
  124  7:42  Pylon  
  123  8:00  Disruptor x2 (Chrono Boost)  
  123  8:05  Zealot x6  
  113  8:11  Probe  
  114  8:14  Shield Battery  
  114  8:23  Probe, Gateway  
  114  8:24  Gateway  
  115  8:33  Zealot x6  
  85  8:53  Zealot x2  
  85  8:54  Zealot x4, Disruptor x2 (Chrono Boost)  
  71  9:07  Probe  
Tags
 
Add a new tag
Caveats
  • Supply blocks, unpowered buildings, or Contaminate may cause inaccurate times.
  • Supply counts are checked every 10 seconds.